 Dungeon Crawl Stone Soup version 0.27.0-1-g7a08968 (webtiles) character file.

Game seed: 13536983649007837828

88 Scrawl the Stinger (level 4, -4/57 HPs)
             Began as a Naga Venom Mage on Jan 10, 2022.
             Slain by Ijyb (6 damage)
             ... on level 3 of the Dungeon.
             The game lasted 00:13:00 (3142 turns).

Scrawl the Stinger (Naga Venom Mage)                Turns: 3142, Time: 00:13:00

Health: -4/57      AC:  5    Str: 12    XL:     4   Next: 54%
Magic:  7/7        EV:  7    Int: 21    God:
Gold:   117        SH:  0    Dex: 11    Spells: 4/7 levels left

rFire    . . .     SeeInvis +   j - +2 quarterstaff (spect)
rCold    . . .     Faith    .   (shield currently unavailable)
rNeg     . . .     Spirit   .   n - +0 scale mail
rPois    +         Reflect  .   f - +0 helmet
rElec    .         Harm     .   (no cloak)
rCorr    .         Rampage  .   (no gloves)
Will     .....                  (no barding)
Stlth    ..........             (no amulet)
HPRegen  0.19/turn              d - +6 ring of intelligence
MPRegen  0.10/turn              (no ring)

@: berserking (expiring), quick
A: AC +1, large, see invisible, deformed body, poison resistance, slowness 2,
spit poison 1, naga tail 1
a: Spit Poison


You were on level 3 of the Dungeon.
You visited 1 branch of the dungeon, and saw 3 of its levels.

You collected 117 gold pieces.

Inventory:

Hand Weapons
 j - a +2 spectral quarterstaff (weapon)
Missiles
 g - 2 javelins
 i - a throwing net
Armour
 a - a +0 robe
 f - a +0 helmet (worn)
 n - a +0 scale mail (worn)
Jewellery
 d - a +6 ring of intelligence (left hand)
Scrolls
 c - a scroll of identify {unknown}
 e - a scroll of enchant weapon {unknown}
 h - a scroll of enchant armour {unknown}
 k - a scroll of silence {unknown}
 m - a scroll of summoning {unknown}
 q - a scroll of amnesia {unknown}
 r - a scroll of vulnerability {unknown}
Potions
 p - a potion of mutation {unknown}


   Skills:
 + Level 1.6 Fighting
 + Level 1.0 Staves
 + Level 0.2 Armour
 + Level 2.1 Dodging
 - Level 4.0 Stealth
 - Level 2.0 Spellcasting
 - Level 1.4 Transmutations
 + Level 4.7 Poison Magic


You had 4 spell levels left.
You knew the following spells:

 Your Spells              Type           Power      Damage    Failure   Level
a - Sting                 Tmut/Pois      60%        1d6       22%         1
b - Poisonous Vapours     Pois/Air       24%        N/A       43%         2

Your spell library contained the following spells:

 Spells                   Type           Power      Damage    Failure   Level
 Beastly Appendage        Tmut           16%        N/A       41%         1
 Wereblood                Tmut           8%         N/A       56%         2
 Spider Form              Tmut/Pois      7%         N/A       56%         3
 Olgreb's Toxic Radiance  Pois           22%        N/A       75%         4
 Mephitic Cloud           Conj/Pois/Air  8%         N/A       77%         3
 Gell's Gravitas          Tloc           1%         N/A       94%         3
 Lesser Beckoning         Tloc           1%         N/A       94%         3
 Teleport Other           Tloc           2%         N/A       94%         3


Dungeon Overview and Level Annotations

Branches:
Dungeon (3/15)

Altars:

Annotations:
D:2 Robin
D:3 Ijyb


Innate Abilities, Weirdness & Mutations

Your serpentine skin is tough. (AC +1)
You have supernaturally acute eyesight. (SInv)
Armour fits poorly on your strangely shaped body.
Your system is resistant to poisons. (rPois)
You cover ground very slowly.
You can spit poison.
You have a snake-like lower body.


Message History

Your magical effects are unravelling.
You feel magically purged.
Your resistance to elements expires.
Ijyb hits you with a +0 club.
* * * LOW HITPOINT WARNING * * *
It was a potion of berserk rage.
A red film seems to cover your vision as you go berserk!
You feel yourself moving faster!
You feel mighty! Ijyb hits you with a +0 club.
* * * LOW HITPOINT WARNING * * *
You hit Ijyb but do no damage.
Ijyb is lightly wounded.
You have got your breath back.
Ijyb looks more healthy.
Ijyb closely misses you.
You barely miss Ijyb.
Ijyb is lightly wounded.
Ijyb hits you with a +0 club.
* * * LOW HITPOINT WARNING * * *
You barely miss Ijyb.
Ijyb is lightly wounded.
You hit Ijyb.
Ijyb is lightly wounded.
Ijyb hits you with a +0 club.
* * * LOW HITPOINT WARNING * * *
You closely miss Ijyb.
Ijyb is lightly wounded.
Ijyb hits you with a +0 club.
* * * LOW HITPOINT WARNING * * *
You hit Ijyb but do no damage.
Ijyb is lightly wounded.
Ijyb hits you with a +0 club.
* * * LOW HITPOINT WARNING * * *
You hit Ijyb but do no damage.
Ijyb is lightly wounded.
Ijyb hits you but does no damage.
You sock Ijyb!
Ijyb is almost dead.
You hit Ijyb but do no damage.
Ijyb is almost dead.
Ijyb hits you with a +0 club.
You die...

##############
#........@g..#
#.##########.#
. #####.####
#....###....
#........#
#.##.†......
####........+
.. +........
............###
#........
............#
#........
......#######
#....#...
#######
.....#.##


You could see Ijyb.

Vanquished Creatures
  Terence (D:3)
  An adder (D:3)
  A worm (D:3)
  A dart slug (D:3)
  3 ball pythons
  7 endoplasms
  2 giant cockroaches (D:2)
  5 hobgoblins
  6 kobolds
  A quokka (D:3)
  A bat (D:2)
  8 frilled lizards (D:2)
  7 goblins
  6 rats
50 creatures vanquished.

Vanquished Creatures (others)
  7 plants (D:2)
  4 toadstools (D:1)
11 creatures vanquished.

Grand Total: 61 creatures vanquished

Notes
Turn   | Place    | Note
-------+----------+-------------------------------------------
     0 | D:1      | Scrawl the Naga Venom Mage began the quest for the Orb.
     0 | D:1      | Reached XP level 1. HP: 15/15 MP: 3/3
   770 | D:1      | Reached XP level 2. HP: 21/24 MP: 5/5
  1060 | D:2      | Noticed Robin
  1252 | D:1      | Learned a level 2 spell: Poisonous Vapours
  1713 | D:2      | Reached XP level 3. HP: 21/30 MP: 3/6
  1833 | D:2      | Reached skill level 1 in Fighting
  2093 | D:2      | Found a faded altar of an unknown god.
  2735 | D:3      | Noticed Terence
  2740 | D:3      | Killed Terence
  2741 | D:3      | Reached XP level 4. HP: 38/38 MP: 1/7
  3121 | D:3      | Noticed Ijyb
  3125 | D:3      | Reached skill level 1 in Staves
  3139 | D:3      | HP: 2/57 [Ijyb (3)]
  3142 | D:3      | Slain by Ijyb

Illustrated notes

Levels and vault maps discovered:
D:1:      ldierk_water_garden, layout_basic
D:2:      layout_basic, basic_ecumenical_altar, chequers_serial_rivers_micro_d,
          serial_bayou_lagoon_a, minmay_lizard_pond, uniq_robin
D:3:      layout_basic, uniq_terence, uniq_sigmund, uniq_ijyb

Skill      XL: |  1  2  3  4 |
---------------+-------------+-----
Fighting       | 1 |  1.6
Dodging        | 2 |  2.1
Stealth        | 4 |  4.0
Staves         | 1 |  1.0
Armour         | |  0.2
Spellcasting   | |  2.0
Transmutations | |  1.4
Poison Magic   | |  4.7

Action                   |  1- 3 |  4- 6 || total
-------------------------+-------+-------++-------
Melee: Flail             |    13 |       ||    13
       Quarterstaff      |    11 |    16 ||    27
 Cast: Sting             |    15 |     1 ||    16
       Poisonous Vapours |     7 |       ||     7
 Abil: Spit Poison       |    28 |     7 ||    35
  Use: Potion            |       |     3 ||     3
Armor: Robe              |     8 |       ||     8
       Scale mail        |       |     3 ||     3
Dodge: Dodged            |    25 |     3 ||    28
